 Dungeon Crawl Stone Soup version 0.23.2-1-ga50397a (webtiles) character file.

Game seed: 10795395557168187930

60 nyanpiggle the Insei (level 3, -4/27 HPs)
             Began as a Demigod Transmuter on May 9, 2019.
             Slain by Terence
             ... wielding a +2 flail of holy wrath
              (8 damage)
             ... on level 3 of the Dungeon.
             The game lasted 00:13:36 (1813 turns).

nyanpiggle the Insei (Demigod Transmuter)           Turns: 1813, Time: 00:13:36

Health: -4/27      AC: 10    Str: 15    XL:     3   Next: 57%
Magic:  8/8        EV:  7    Int: 17    God:
Gold:   80         SH:  0    Dex: 16    Spells: 4/5 levels left

rFire    . . .     SeeInvis .   i - +0 spear
rCold    + + .     Gourm    .   (no shield)
rNeg     . . .     Faith    .   k - +0 chain mail
rPois    +         Spirit   .   (no helmet)
rElec    +         Reflect  .   (no cloak)
rCorr    +         Harm     .   q - +1 pair of gloves
MR       .....                  (no boots)
Stlth    ..........             (no amulet)
HPRegen  0.09/turn              c - ring of ice
MPRegen  0.11/turn              (no ring)

@: resistant
A: high mp 1
a: no special abilities


You were on level 3 of the Dungeon.
You were not hungry.

You visited 1 branch of the dungeon, and saw 3 of its levels.

You collected 80 gold pieces.

Inventory:

Hand Weapons
 i - a +0 spear (weapon)
Missiles
 a - 12 arrows
 o - 21 bolts
Armour
 b - a +0 robe
 k - a +0 chain mail (worn)
 m - a +0 leather armour
 q - a +1 pair of gloves (worn)
 t - a +0 robe
Jewellery
 c - a ring of ice (left hand)
Scrolls
 f - 2 scrolls of blinking {unknown}
 g - a scroll of enchant weapon {unknown}
 j - a scroll of magic mapping {unknown}
 r - a scroll of remove curse {unknown}
 s - 2 scrolls of amnesia {unknown}
Potions
 e - a potion of curing {unknown}
 h - a potion of heal wounds {unknown}
 l - a potion of invisibility {unknown}
 n - a potion of berserk rage {unknown}
 p - 2 potions of brilliance {unknown}
Comestibles
 d - 6 rations


   Skills:
 + Level 0.9 Fighting
 + Level 1.2 Polearms
 + Level 0.5 Armour
 + Level 2.2 Dodging
 + Level 0.1 Stealth
 + Level 3.3 Unarmed Combat
 + Level 1.9 Spellcasting
 + Level 2.1 Transmutations


You had 4 spell levels left.
You knew the following spells:

 Your Spells              Type           Power        Failure   Level  Hunger
a - Beastly Appendage     Tmut           #.....       89%         1    #......

Your spell library contained the following spells:

 Spells                   Type           Power        Failure   Level  Hunger
 Sticks to Snakes         Tmut           #.......     96%         2    ###....
 Spider Form              Tmut/Pois      #.........   100%        3    ###....
 Ice Form                 Ice/Tmut       #.......     100%        4    #####..
 Blade Hands              Tmut           #.........   100%        5    ######.


Dungeon Overview and Level Annotations

Branches:
Dungeon (3/15)

Annotations:
D:3 Terence


Innate Abilities, Weirdness & Mutations

You have an increased reservoir of magic. (+10% MP)


Message History

Terence is lightly wounded.
Terence hits you with a +2 flail of holy wrath.
* * * LOW HITPOINT WARNING * * *
You hit Terence but do no damage.
Terence is lightly wounded.
Terence hits you but does no damage.
You hit Terence but do no damage.
Terence is lightly wounded.
Terence barely misses you.
You hit Terence but do no damage.
Terence is lightly wounded.
Terence hits you but does no damage.
You hit Terence but do no damage.
Terence is lightly wounded.
Terence hits you with a +2 flail of holy wrath.
* * * LOW HITPOINT WARNING * * *
You closely miss Terence.
Terence is lightly wounded.
Terence hits you with a +2 flail of holy wrath!
You die...

#.. #.# #.#
#.######## #..
.....
#.#####.# #?..
#......@###.##
#@##S..##
#.#.....##
#........#
###......#
#....#.#
#.####.# #.#
#.# ##.####.##
#.........


You could see Terence.

Vanquished Creatures
  2 adders
  A worm (D:3)
  2 leopard geckos
  5 bats
  5 giant cockroaches
  4 goblins
  3 hobgoblins
  4 kobolds
  2 quokkas (D:2)
  4 frilled lizards
  4 rats
36 creatures vanquished.

Notes
Turn   | Place    | Note
-------+----------+-------------------------------------------
     0 | D:1      | nyanpiggle the Demigod Transmuter began the quest for the
                  | Orb.
     0 | D:1      | Reached XP level 1. HP: 15/15 MP: 5/5
   360 | D:1      | Reached skill level 3 in Unarmed Combat
   474 | D:1      | Reached XP level 2. HP: 22/22 MP: 7/7
  1090 | D:2      | Found a blossoming altar of Fedhas.
  1257 | D:2      | Reached XP level 3. HP: 20/27 MP: 8/8
  1507 | D:3      | Found a glowing silver altar of Zin.
  1507 | D:3      | Found a burning altar of Makhleb.
  1508 | D:3      | Noticed a green death
  1508 | D:3      | Noticed an angel
  1790 | D:3      | Noticed Terence
  1802 | D:3      | Reached skill level 1 in Polearms
  1813 | D:3      | Slain by Terence

Skill      XL: |  1  2  3 |
---------------+----------+-----
Transmutations | 2 |  2.1
Unarmed Combat | 3 |  3.3
Dodging        | 2 |  2.2
Polearms       | 1 |  1.2
Fighting       | |  0.9
Armour         | |  0.5
Stealth        | |  0.1
Spellcasting   | |  1.9

Action                   || total
-------------------------++-------
Melee: Unarmed           ||    17
       Spear             ||   148
       Kick              ||     2
 Cast: Beastly Appendage ||     3
  Use: Scroll            ||     1
       Potion            ||     1
  Eat: Ration            ||     1
Armor: Robe              ||     5
       Chain mail        ||   177
Dodge: Dodged            ||   119
